AoeStats
← FTP kykyrez

Arabia

510345972Analyzed
2v2 RM · 2d ago on Sep 30, 2026· 24m 27s· 4 players
Game mode
Random Map
Map size
Medium (4 player)
Population
200
Speed
Normal
Resources
Standard
Victory
Conquest
Starting age
Dark Age
Ending age
Imperial Age
RankedLock teamsTeams togetherTeam positionsShared explorationLock speedFull tech treeHidden civsTurbo modeCheats
Victory
Defeat
🇵🇪 Magyars · Peru
1012
+16
🇨🇿 Saxons · Czechia
997
+17
🇷🇴 Bulgarians · Romania
1037
-24
🇷🇴 Italians · Romania
1000
-16
BlizixXx
8:33 Loom
10:47 Feudal Age
12:55 Town Watch
15:12 Castle Age
14:43 Stone Mining
20:36 Scale Mail Armor
22:12 Chain Mail Armor
Vane
10:29 Feudal Age
9:13 Loom
11:09 Double-Bit Axe
20:26 Castle Age
18:48 Gold Mining
18:41 Horse Collar
19:33 Stone Mining
21:09 Scale Barding Armor
22:54 Bow Saw
23:58 Wheelbarrow
FTP kykyrez
9:41 Feudal Age
7:59 Loom
11:30 Loom
12:42 Double-Bit Axe
15:59 Castle Age
15:06 Horse Collar
21:19 Fletching
23:08 Wheelbarrow
23:33 Padded Archer Armor
Cvoan
7:18 Loom
9:39 Feudal Age
11:47 Double-Bit Axe
21:13 Castle Age
20:28 Scale Mail Armor
Connection lost

Rejoining the realm…

Still unreachable

The connection could not be restored.

Session expired

The server has moved on; the page needs a fresh start.